Map: Flooded City

Players

HappNewClone

  • Race: Protoss Protoss
  • Spawn Location: 12:00

MonkeyMafia

  • Race: Protoss Protoss
  • Spawn Location: 12:00

Cylon - Winner!

  • Race: Zerg Zerg
  • League: Platinum
  • Spawn Location: 6:00

ILIEKEGGPIE - Winner!

  • Race: Protoss Protoss
  • League: Platinum
  • Spawn Location: 6:00

VOD

Have the link to the VOD?

Description

Time

  • Played on: May 24, 2018, 4:02 p.m.
  • Length: 5:17
Show
View Real Time Build Order
Export as new Build Order

HappNewClone Protoss 

Build Orders:  

Get SALT Encoding   

  1  0:00  Probe  
  13  0:07  Probe  
  14  0:31  Pylon  
  14  1:00  Forge  
  14  1:31  Pylon  
  14  1:53  Photon Cannon  
  13  1:54  Probe  
  14  2:02  Probe  
  15  2:12  Probe  
  15  2:14  Gateway  
  16  2:16  Pylon  
  16  2:20  Assimilator  
  16  2:21  Probe  
  16  2:29  Probe  
  17  2:32  Photon Cannon  
  17  2:36  Photon Cannon  
  18  2:38  Probe  
  18  2:43  Assimilator  
  19  2:50  Probe  
  20  3:02  Probe, Cybernetics Core  
  21  3:14  Probe  
  21  3:16  Gateway  
  21  3:17  Photon Cannon  
  22  3:20  Pylon  
  22  3:21  Warp Gate  
  22  3:37  Gateway  
  22  3:52  Stargate  
  22  3:58  Gateway  
  22  4:15  Twilight Council  
  22  4:40  Pylon  
  22  4:48  Gateway  
Show
View Real Time Build Order
Export as new Build Order

MonkeyMafia Protoss 

Build Orders: Cannon Rush 

Get SALT Encoding   

  12  0:01  Probe  
  13  0:13  Probe  
  14  0:23  Pylon  
  14  0:25  Probe  
  15  0:41  Probe  
  16  0:43  Pylon  
  16  0:49  Forge  
  16  0:53  Probe  
  17  1:24  Photon Cannon  
  17  1:26  Photon Cannon  
  17  1:31  Photon Cannon  
  17  1:49  Pylon  
  16  2:07  Gateway  
  16  2:11  Gateway x2  
  16  2:14  Gateway  
  16  2:20  Gateway  
  16  2:26  Assimilator  
  16  2:27  Probe  
  16  2:31  Assimilator  
  16  2:35  Probe  
  17  2:43  Pylon  
  18  2:45  Probe  
  19  2:53  Probe  
  20  3:02  Cybernetics Core  
  20  3:03  Probe  
  21  3:07  Protoss Ground Weapons Level 1  
  21  3:15  Probe  
  22  3:57  Twilight Council  
  23  5:02  Pylon  
  23  5:04  Pylon  
Show
View Real Time Build Order
Export as new Build Order

Cylon Zerg - Winner!

Build Orders: Hatch First 

Get SALT Encoding   

  12  0:01  Drone  
  13  0:15  Overlord  
  13  0:18  Drone  
  14  0:23  Extractor  
  14  0:24  Drone  
  15  0:34  Drone  
  16  0:40  Drone  
  17  0:48  Drone  
  18  1:03  Drone  
  19  1:04  Hatchery  
  19  1:07  Extractor  
  17  1:13  Drone  
  18  1:24  Spawning Pool  
  18  1:25  Drone  
  18  1:39  Drone  
  19  1:52  Drone  
  19  2:08  Drone  
  20  2:15  Queen  
  20  2:20  Queen  
  24  2:25  Zergling x4  
  26  2:33  Drone  
  26  2:34  Drone  
  28  2:53  Overlord  
  28  2:56  Metabolic Boost  
  28  3:00  Spore Crawler  
  27  3:07  Drone  
  27  3:09  Spore Crawler  
  27  3:16  Drone x2  
  27  3:17  Drone x3  
  32  3:32  Drone x4  
  36  3:38  Lair  
  36  3:43  Drone, Extractor  
  36  3:44  Overlord  
  36  3:52  Extractor  
  35  3:56  Spine Crawler  
  35  4:02  Overlord  
  34  4:14  Drone x3  
  37  4:26  Drone  
  37  4:27  Drone x3  
  37  4:29  Drone  
  42  4:37  Drone  
  43  4:40  Hydralisk Den  
  43  4:43  Drone x3  
  43  4:44  Drone  
  46  4:53  Drone  
  46  4:54  Drone x2  
  46  4:56  Extractor  
Show
View Real Time Build Order
Export as new Build Order

ILIEKEGGPIE Protoss - Winner!

Build Orders:  

Get SALT Encoding   

  12  0:00  Probe  
  13  0:13  Probe  
  14  0:18  Pylon  
  14  0:23  Probe  
  15  0:32  Probe  
  15  0:39  Gateway  
  15  0:40  Probe  
  17  0:52  Assimilator  
  17  0:53  Probe  
  18  1:05  Probe  
  19  1:17  Probe  
  20  1:25  Zealot  
  20  1:29  Probe  
  20  1:30  Cybernetics Core  
  23  1:33  Pylon  
  23  1:51  Probe  
  24  1:59  Pylon  
  24  2:03  Probe  
  24  2:07  Warp Gate  
  25  2:11  Assimilator  
  25  2:13  Probe  
  25  2:14  Gateway  
  26  2:21  Probe  
  27  2:42  Gateway  
  27  2:45  Gateway  
  27  2:52  Probe  
  27  2:57  Stalker  
  28  3:05  Stalker  
  31  3:24  Shield Battery  
  31  3:46  Pylon  
  31  3:49  Robotics Facility  
  31  4:12  Stalker x4  
  39  4:37  Zealot x4  
  47  4:43  Pylon  
  49  5:15  Nexus  
Tags
 
Add a new tag
Caveats
  • Supply blocks, unpowered buildings, or Contaminate may cause inaccurate times.
  • Supply counts are checked every 10 seconds.